Map: Sanctuary III LE

Players

Bachira

  • Race: Protoss Protoss
  • League: Diamond

Altik - Winner!

  • Race: Protoss Protoss
  • League: Diamond

VOD

Have the link to the VOD?

Description

Time

  • Played on: Aug. 5, 2026, 4:50 p.m.
  • Length: 14:32
Show
View Real Time Build Order
Export as new Build Order

Bachira Protoss 

Build Orders: Phoenix Opening, Zealot Archon 

Get SALT Encoding   

  8  0:00  Probe  
  9  0:12  Probe  
  10  0:24  Probe  
  10  0:28  Pylon  
  11  0:36  Probe  
  12  0:48  Probe  
  13  0:56  Gateway  
  13  1:01  Probe  
  14  1:12  Assimilator  
  14  1:13  Probe  
  15  1:24  Assimilator  
  15  1:25  Probe  
  16  1:37  Probe  
  17  1:47  Cybernetics Core  
  17  1:49  Probe  
  18  1:59  Gateway  
  18  2:02  Probe  
  19  2:12  Pylon  
  19  2:15  Probe  
  20  2:21  Assimilator  
  20  2:24  Warp Gate  
  20  2:28  Probe  
  21  2:40  Probe  
  21  2:43  Adept x2 (Chrono Boost)  
  26  2:52  Probe  
  26  2:57  Pylon  
  27  3:04  Probe  
  28  3:16  Probe  
  28  3:17  Stalker, Sentry  
  33  3:28  Probe  
  34  3:43  Probe  
  34  3:48  Phoenix  
  35  3:54  Nexus  
  35  3:56  Pylon  
  35  3:58  Probe  
  36  4:12  Probe  
  37  4:21  Robotics Facility  
  37  4:23  Gateway  
  37  4:25  Gateway  
  37  4:29  Probe  
  38  4:32  Pylon  
  38  4:38  Pylon  
  38  4:44  Probe  
  38  4:55  Sentry, Stalker  
  38  4:56  Probe  
  43  5:07  Forge  
  43  5:08  Probe  
  43  5:12  Twilight Council  
  44  5:15  Phoenix  
  44  5:16  Probe  
  45  5:22  Probe  
  45  5:28  Charge, Probe  
  46  5:31  Observer  
  46  5:34  Probe  
  49  5:41  Protoss Ground Weapons Level 1 (Chrono Boost)  
  49  5:44  Probe  
  49  5:46  Probe  
  51  5:55  Assimilator  
  51  5:56  Probe  
  52  5:59  Probe  
  52  6:00  Assimilator  
  53  6:08  Probe  
  54  6:11  Probe  
  54  6:13  Phoenix  
  55  6:20  Probe  
  55  6:24  Templar Archives  
  55  6:25  Gateway  
  56  6:30  Gateway x2  
  56  6:33  Probe, Gateway  
  56  6:34  Probe, Gateway  
  58  6:45  Probe  
  58  6:46  Probe  
  60  6:57  Probe  
  60  6:59  Probe  
  62  7:05  Nexus  
  62  7:08  Pylon  
  62  7:09  Probe  
  62  7:10  Pylon  
  62  7:14  Probe, Pylon  
  64  7:15  Phoenix  
  64  7:21  Probe  
  64  7:22  Protoss Ground Weapons Level 2 (Chrono Boost)  
  65  7:23  High Templar x4  
  65  7:26  Probe, High Templar  
  78  7:34  Probe  
  77  7:38  Pylon, Probe  
  78  7:47  Archon  
  78  7:49  Probe  
  78  7:50  Probe  
  80  7:53  Pylon  
  80  7:54  Archon  
  80  7:59  Zealot x2  
  80  8:00  Zealot x5  
  94  8:13  High Templar  
  94  8:15  Immortal (Chrono Boost)  
  100  8:20  Zealot x3  
  100  8:21  Zealot  
  100  8:23  Probe x2  
  110  8:38  Probe x2  
  110  8:40  High Templar x3  
  118  8:45  Archon  
  118  8:50  Zealot x4  
  126  8:55  Pylon x2  
  125  9:04  Pylon  
  125  9:05  Pylon, Probe x2  
  125  9:06  Pylon  
  127  9:11  Archon  
  127  9:13  Zealot, Probe, Immortal (Chrono Boost)  
  134  9:22  Zealot x2, Sentry  
  142  9:25  Pylon x2  
  142  9:27  Pylon  
  142  9:28  High Templar  
  142  9:29  Pylon  
  142  9:30  Pylon  
  144  9:32  Protoss Ground Weapons Level 3 (Chrono Boost)  
  142  9:42  Probe x2  
  142  9:43  Probe  
  142  9:44  Assimilator  
  145  9:45  Immortal (Chrono Boost)  
  145  9:48  Assimilator  
  145  9:50  High Templar  
  145  9:51  Zealot  
  145  9:52  Zealot x3  
  159  9:55  Probe x2  
  159  9:56  Probe  
  162  10:07  Probe x2  
  162  10:13  Zealot x5  
  174  10:15  High Templar x2  
  174  10:20  Immortal (Chrono Boost)  
  178  10:27  Probe  
  178  10:28  Probe x2  
  185  10:33  Archon  
  185  10:38  High Templar x2  
  163  10:56  Warp Prism (Chrono Boost)  
  143  11:04  Archon  
  143  11:08  Zealot x5  
  153  11:22  Zealot x2  
  157  11:28  Gateway x2  
  157  11:29  Gateway  
  157  11:30  Gateway  
  157  11:34  Gateway  
  157  11:35  Zealot x5  
  157  11:38  Gateway  
  167  11:42  Protoss Ground Armor Level 1 (Chrono Boost)  
  165  11:53  Zealot x2  
  161  11:59  Zealot x5  
  169  12:03  Immortal (Chrono Boost)  
  161  12:29  Robotics Facility  
  161  12:30  Robotics Facility, Nexus  
  161  12:33  Pylon  
  161  12:35  Immortal (Chrono Boost)  
  165  12:46  High Templar x7  
  165  12:47  High Templar  
  165  12:48  Zealot x4  
  165  12:50  Archon x2  
  165  12:51  Archon  
  189  12:52  Archon  
  189  12:57  Dark Shrine  
  189  13:00  Photon Cannon  
  189  13:04  Photon Cannon  
  189  13:05  Photon Cannon  
  189  13:10  Photon Cannon  
  189  13:15  Immortal  
  193  13:25  Assimilator  
  193  13:27  Assimilator  
  141  13:42  Immortal x2 (Chrono Boost)  
  141  13:48  Zealot x6  
  145  13:53  Immortal (Chrono Boost)  
  147  14:03  High Templar  
  147  14:05  High Templar x3  
  155  14:10  Archon x2  
  151  14:21  Zealot x9  
Show
View Real Time Build Order
Export as new Build Order

Altik Protoss - Winner!

Build Orders: Chargelot Immortal 

Get SALT Encoding   

  8  0:00  Probe (Chrono Boost)  
  9  0:12  Probe (Chrono Boost)  
  10  0:19  Probe (Chrono Boost)  
  11  0:26  Probe  
  12  0:36  Pylon  
  12  0:39  Probe  
  13  0:54  Probe  
  13  0:55  Gateway  
  14  1:06  Probe  
  14  1:07  Assimilator  
  15  1:18  Probe  
  16  1:26  Gateway  
  16  1:30  Probe  
  17  1:42  Probe  
  17  1:47  Cybernetics Core  
  17  1:54  Probe  
  17  1:55  Zealot  
  20  2:03  Pylon  
  20  2:10  Probe  
  21  2:23  Probe  
  21  2:24  Stalker  
  21  2:29  Stalker  
  26  2:32  Warp Gate  
  26  2:36  Probe  
  27  2:49  Probe  
  28  2:55  Pylon  
  28  3:01  Assimilator  
  28  3:09  Probe  
  29  3:14  Stalker x2  
  33  3:46  Nexus  
  33  3:52  Pylon  
  33  3:55  Probe  
  34  4:04  Robotics Facility  
  34  4:08  Probe  
  35  4:20  Probe (Chrono Boost)  
  35  4:22  Shield Battery  
  36  4:27  Stalker x2  
  40  4:32  Probe (Chrono Boost)  
  41  4:42  Probe (Chrono Boost)  
  42  4:51  Probe  
  43  4:58  Observer  
  43  4:59  Pylon  
  44  5:03  Probe x2  
  46  5:15  Probe x2  
  48  5:23  Twilight Council  
  48  5:25  Forge  
  48  5:29  Zealot x2  
  48  5:30  Probe x2 (Chrono Boost)  
  54  5:40  Probe x2 (Chrono Boost)  
  56  5:43  Assimilator  
  56  5:47  Immortal  
  60  5:51  Probe, Pylon  
  60  5:52  Probe  
  60  5:54  Protoss Ground Weapons Level 1 (Chrono Boost)  
  62  6:00  Charge  
  62  6:04  Probe  
  63  6:18  Zealot x2  
  63  6:25  Gateway  
  67  6:29  Robotics Bay, Immortal  
  71  6:33  Pylon  
  71  6:36  Robotics Facility  
  71  6:43  Probe x2  
  71  6:47  Assimilator  
  73  6:49  Pylon  
  73  6:55  Probe  
  74  7:16  Zealot x3  
  74  7:19  Extended Thermal Lance  
  74  7:20  Nexus  
  80  7:27  Colossus (Chrono Boost)  
  86  7:31  Pylon  
  86  7:40  Protoss Ground Weapons Level 2 (Chrono Boost)  
  86  7:47  Colossus (Chrono Boost)  
  86  7:49  Probe x2  
  94  7:52  Pylon  
  94  8:00  Pylon  
  94  8:02  Probe  
  94  8:03  Pylon  
  95  8:09  Zealot  
  95  8:11  Shield Battery  
  97  8:18  Colossus (Chrono Boost)  
  97  8:23  Probe  
  97  8:25  Probe  
  105  8:40  Immortal  
  109  8:48  Probe  
  109  8:49  Probe  
  109  8:50  Probe  
  109  8:54  Assimilator  
  112  8:56  Assimilator  
  112  9:01  Probe (Chrono Boost)  
  112  9:02  Probe (Chrono Boost)  
  114  9:05  Colossus (Chrono Boost)  
  114  9:08  Probe (Chrono Boost)  
  119  9:13  Probe (Chrono Boost)  
  119  9:14  Probe (Chrono Boost)  
  121  9:19  Probe (Chrono Boost), Immortal (Chrono Boost)  
  121  9:20  Zealot  
  121  9:21  Zealot  
  130  9:26  Pylon, Probe  
  130  9:27  Probe  
  130  9:28  Pylon  
  130  9:30  Probe  
  133  9:38  Protoss Ground Weapons Level 3 (Chrono Boost), Probe  
  133  9:39  Probe  
  133  9:44  Zealot x3  
  141  9:55  Immortal (Chrono Boost)  
  141  9:58  Pylon  
  141  9:59  Pylon  
  145  10:02  Gateway  
  145  10:03  Gateway  
  145  10:07  Immortal, Gateway  
  149  10:21  Zealot x3  
  155  10:27  Colossus (Chrono Boost)  
  127  10:52  Colossus (Chrono Boost)  
  127  10:56  Zealot x6  
  113  11:08  Probe x2  
  113  11:09  Templar Archives, Zealot x2  
  119  11:14  Zealot  
  119  11:15  Zealot x3  
  119  11:17  Colossus (Chrono Boost)  
  133  11:36  Zealot x2  
  133  11:39  Immortal (Chrono Boost)  
  130  11:54  High Templar x2  
  130  11:55  High Templar x2  
  130  11:58  Probe x2  
  130  11:59  Archon x2  
  140  12:05  Pylon  
  140  12:06  Pylon  
  144  12:12  Immortal (Chrono Boost)  
  144  12:13  Zealot x2  
  144  12:14  Immortal (Chrono Boost)  
  152  12:34  High Templar  
  152  12:35  High Templar x3  
  160  12:39  Nexus  
  160  12:43  Gateway  
  160  12:46  Gateway  
  160  12:48  Archon x2, Gateway  
  160  12:49  Zealot x2, Gateway  
  163  12:51  Gateway  
  163  12:54  Assimilator  
  163  13:08  Immortal x2  
  171  13:18  Pylon  
  171  13:20  Assimilator  
  171  13:24  Pylon  
  171  13:25  Assimilator  
  171  13:27  Pylon  
  171  13:30  Zealot x3  
  171  13:31  Pylon, Zealot x3  
  159  13:47  Immortal  
  163  13:59  Zealot x4  
  163  14:00  Zealot x6  
  163  14:01  Zealot  
Tags
 
Add a new tag
Caveats
  • Supply blocks, unpowered buildings, or Contaminate may cause inaccurate times.
  • Supply counts are checked every 10 seconds.